 Dungeon Crawl Stone Soup version 0.29-a0-789-g7a8fcbc185 (webtiles) character file.

Game seed: 12335400473621323356

2185 zeratav the Skirmisher (level 9, -2/41 HPs)
             Began as a Spriggan Hunter on July 3, 2022.
             Was a Believer of Dithmenos.
             Killed from afar by Dowan (24 damage)
             ... with a bolt of dispelling energy
             ... on level 6 of the Dungeon.
             The game lasted 00:09:32 (5891 turns).

zeratav the Skirmisher (Spriggan Hunter)            Turns: 5891, Time: 00:09:33

Health: -2/41      AC:  5    Str:  7    XL:     9   Next: 11%
Magic:  10/10      EV: 19    Int: 11    God:    Dithmenos [**....]
Gold:   381        SH:  0    Dex: 28    Spells: 8/8 levels left

rFire   . . .      SeeInvis +   a - +0 shortbow {bow}
rCold   . . .      Faith    .   (shield currently unavailable)
rNeg    . . .      Spirit   .   c - +1 robe
rPois   .          Reflect  .   j - +2 hat
rElec   .          Harm     .   (no cloak)
rCorr   .          Rampage  .   (gloves unavailable)
Will    +....                   (boots unavailable)
Stlth   ++++......              (no amulet)
HPRegen 0.13/turn               k - +6 ring of dexterity
MPRegen 0.12/turn               (no ring)

@: wreathed by umbra, very quick
A: very small, no large weapons, unfitting armour, see invisible, speed 3
a: Renounce Religion, Shadow Step


You were on level 6 of the Dungeon.
You worshipped Dithmenos.
Dithmenos was pleased with you.
You visited 2 branches of the dungeon, and saw 7 of its levels.

You collected 381 gold pieces.


Innate Abilities, Weirdness & Mutations

You are very small and have problems with some larger weapons.
You are too small for most types of armour.
You have supernaturally acute eyesight. (SInv)
You cover ground extremely quickly. (Speed+++)


   Skills:
 - Level 1.5 Fighting
 + Level 14.5 Ranged Weapons
 - Level 2.6 Dodging
 - Level 5.0 Stealth


You had 8 spell levels left.
You didn't know any spells.
Your spell library contained the following spells:

 Spells                   Type           Power      Damage    Failure   Level
 Sublimation of Blood     Necr           0%         N/A       47%         2
 Wereblood                Tmut           0%         N/A       47%         2
 Summon Hydra             Summ           0%         N/A       100%        7

Inventory:

Hand Weapons
 a - a +0 shortbow (weapon) {bow}
 h - a +2 dagger of flaming {short}
   (You took it off a goblin on level 1 of the Dungeon)
 A - the +4 spear of Twilight {vorpal, Dex+7, polearm}
   (You found it on level 5 of the Dungeon)

   It inflicts extra damage upon your enemies.
   Dex:       It affects your dexterity (+7).
Armour
 c - a +1 robe (worn)
 j - a +2 hat (worn)
   (You found it on level 2 of the Dungeon)
Jewellery
 k - a +6 ring of dexterity (left hand)
   (You found it on level 2 of the Dungeon)
 w - a ring of positive energy
   (You found it on level 6 of the Dungeon)
 B - a +6 ring of strength
   (You found it on level 5 of the Dungeon)
Wands
 r - a wand of flame (19)
   (You found it on level 6 of the Dungeon)
 t - a wand of paralysis (5)
   (You found it on level 6 of the Dungeon)
 x - a wand of polymorph (4)
   (You found it on level 5 of the Dungeon)
Scrolls
 b - 2 scrolls of immolation {!r!r}
 d - 2 scrolls of teleportation {@r4}
 f - a scroll of torment {!r}
 l - a scroll of poison {!r}
 m - 2 scrolls of enchant armour
 p - 2 scrolls of magic mapping {unknown}
 y - a scroll of blinking {unknown}
 D - a scroll of silence {unknown}
 E - a scroll of fear {unknown}
Potions
 e - 2 potions of brilliance {unknown}
 g - 4 potions of curing {unknown}
 i - 4 potions of mutation {unknown}
 n - 3 potions of degeneration {unknown}
 o - a potion of haste {unknown}
 q - 2 potions of might {unknown}
 s - 2 potions of lignification {unknown}
 u - a potion of cancellation {unknown}
 v - a potion of magic {unknown}
 z - a potion of resistance {unknown}
 C - a potion of flight {unknown}

Dungeon Overview and Level Annotations

Branches:
Dungeon (6/15) Zot: 25884  Temple (1/1) D:4 Zot: 5870

Altars:
Ashenzari
Cheibriados
Dithmenos
Elyvilon
Fedhas
Gozag
Hepliaklqana
Makhleb
Nemelex Xobeh
Okawaru
Qazlal
Ru
Sif Muna
Trog
Uskayaw
Wu Jian
Xom
Yredelemnul
Zin
The Shining One

Shops:
D:5 :

Annotations:
D:6 Dowan

........# ###.............#
#. ........#
##...............# #.
........# ##................#
#.
......†.###................##
#.
.............[.............#
#.
..........................##
##
..........##..>...)......## #
#......#######...........# #
#...#### ###@...[...## #
#..## ###e....## ##.#
##....## #.## #### #..####
#..## #..###..# #...#
#.......# ##...## #......##
#.....## ##......### #
.......## #...e....# #


You could see Dowan (fast).


Message History

l - a scroll of poison
(D) Dungeon (T) Temple
Where to? (Enter - D:5, ? - help)
Things that are here:
a +0 robe; a +0 mace {mace} You see here 5 stones {throwing}.
There is a stone staircase leading up here.
There is a stone staircase leading down here.
You climb downwards.
Level annotation: Dowan
There is a stone staircase leading up here.
Partly explored, can't reach some items and places.
Duvessa, Sister of Dowan comes into view.
She is wielding a +0 rapier.
Fire: a) +0 shortbow {bow}
Press: ? - help, Q - select action, (/) - cycle Shift-Dir - straight line, f - Duvessa
Aim: Duvessa, wielding a +0 rapier and wearing a +0 ring mail (asleep)
You shoot an arrow. The arrow hits Duvessa.
Duvessa shouts!
Fire: a) +0 shortbow {bow}
Press: ? - help, Q - select action, (/) - cycle Shift-Dir - straight line, f/p - Duvessa
Aim: Duvessa, wielding a +0 rapier and wearing a +0 ring mail (lightly wounded)
You shoot an arrow. The arrow barely misses Duvessa.
Dowan shouts!
Fire: a) +0 shortbow {bow}
Press: ? - help, Q - select action, (/) - cycle Shift-Dir - straight line, f/p - Duvessa
Aim: Duvessa, wielding a +0 rapier and wearing a +0 ring mail (lightly wounded)
You shoot an arrow. The arrow barely misses Duvessa.
Fire: a) +0 shortbow {bow}
Press: ? - help, Q - select action, (/) - cycle Shift-Dir - straight line, f/p - Duvessa
Aim: Duvessa, wielding a +0 rapier and wearing a +0 ring mail (lightly wounded)
You shoot an arrow.
The arrow hits Duvessa but does no damage.
Dowan mumbles some strange words.
Dowan blinks!
Fire: a) +0 shortbow {bow}
Press: ? - help, Q - select action, (/) - cycle Shift-Dir - straight line, f/p - Duvessa
Aim: Duvessa, wielding a +0 rapier and wearing a +0 ring mail (lightly wounded)
You shoot an arrow.
The arrow hits Duvessa but does no damage.
Fire: a) +0 shortbow {bow}
Press: ? - help, Q - select action, (/) - cycle Shift-Dir - straight line, f/p - Duvessa
Aim: Duvessa, wielding a +0 rapier and wearing a +0 ring mail (lightly wounded)
You shoot an arrow. The arrow hits Duvessa.
Fire: a) +0 shortbow {bow}
Press: ? - help, Q - select action, (/) - cycle Shift-Dir - straight line, f/p - Duvessa
Aim: Duvessa, wielding a +0 rapier and wearing a +0 ring mail (moderately wounded)
You shoot an arrow.
The arrow hits Duvessa but does no damage.
Fire: a) +0 shortbow {bow}
Press: ? - help, Q - select action, (/) - cycle Shift-Dir - straight line, f/p - Duvessa
Aim: Duvessa, wielding a +0 rapier and wearing a +0 ring mail (moderately wounded, umbra)
You shoot an arrow. The arrow hits Duvessa.
Fire: a) +0 shortbow {bow}
Press: ? - help, Q - select action, (/) - cycle Shift-Dir - straight line, f/p - Duvessa
Aim: Duvessa, wielding a +0 rapier and wearing a +0 ring mail (heavily wounded)
You shoot an arrow. The arrow hits Duvessa!
Fire: a) +0 shortbow {bow}
Press: ? - help, Q - select action, (/) - cycle Shift-Dir - straight line, f/p - Duvessa
Aim: Duvessa, wielding a +0 rapier and wearing a +0 ring mail (severely wounded)
You shoot an arrow. The arrow hits Duvessa!
Fire: a) +0 shortbow {bow}
Press: ? - help, Q - select action, (/) - cycle Shift-Dir - straight line, f/p - Duvessa
Aim: Duvessa, wielding a +0 rapier and wearing a +0 ring mail (almost dead)
You shoot an arrow.
The arrow hits Duvessa but does no damage.
Fire: a) +0 shortbow {bow}
Press: ? - help, Q - select action, (/) - cycle Shift-Dir - straight line, f/p - Duvessa
Aim: Duvessa, wielding a +0 rapier and wearing a +0 ring mail (almost dead, umbra)
You shoot an arrow. The arrow hits Duvessa.
Dowan casts a spell at Duvessa.
Duvessa seems to speed up.
Fire: a) +0 shortbow {bow}
Press: ? - help, Q - select action, (/) - cycle Shift-Dir - straight line, p - Duvessa
Okay, then.
Duvessa says, "When magic and the sword combine, nothing stands against them."
Duvessa says, "My weaknesses are his strengths!"
You shoot an arrow. The arrow hits Duvessa.
You shoot an arrow. The arrow completely misses Duvessa.
You shoot an arrow. The arrow barely misses Duvessa.
You shoot an arrow. The arrow hits Duvessa.
You kill Duvessa!
Dithmenos accepts your kill.
You hear a distant wail of despair.
No target in view!
No target in view!
e - 2 bubbling amethyst potions
Things that are here:
a +0 rapier {short}; a +0 ring mail Dowan seems to find hidden reserves of power!
Dowan zaps a wand.
The bolt of dispelling energy hits you!!
HP[-20]
You take 20 damage, and now have 21/41 hp.
MASSIVE DAMAGE!! (PAUSE) HP[+1]
You start resting.
Dowan zaps a wand.
The bolt of dispelling energy hits you!!
Ouch! That really hurt!
You die...

Skill      XL: |  1  2  3  4  5  6  7  8 |
---------------+-------------------------+-----
Ranged Weapons | 5 6 7 9 10 11 14 | 14.5
Stealth        | 4 5 |  5.0
Fighting       | |  1.5
Dodging        | |  2.6

Action                   |  1- 3 |  4- 6 |  7- 9 || total
-------------------------+-------+-------+-------++-------
 Fire: Shortbow          |    93 |   109 |   269 ||   471
  Use: Scroll            |       |       |     4 ||     4
Armor: Robe              |     2 |     3 |     2 ||     7
Dodge: Dodged            |    30 |     7 |    43 ||    80

Levels and vault maps discovered:
D:1:      matt_arrival_grand_opening, layout_loops_ring, minivault_26,
          bh_walls_and_bars
D:2:      layout_basic, shapermc_ecumenical_altar_mp_urbaneastern, basic_altar,
          corner_web_ring
D:3:      layout_loops_ring, grunt_decor_one_mirror
D:4:      layout_rooms, tgw_sif, minmay_temple_entry_butterflies
D:5:      layout_loops_cross, mainiacjoe_overflow_swirl,
          nicolae_shop_i_like_big_books, minmay_misc_feat_ornament,
          uniq_crazy_yiuf_cottage
D:6:      layout_cave_pods, uniq_duvessa, uniq_prince_ribbit1, uniq_menkaure
Temple:   minmay_crystal_spiral_temple

Notes
Turn   | Place    | Note
-------+----------+-------------------------------------------
     0 | D:1      | zeratav the Spriggan Hunter began the quest for the Orb.
     0 | D:1      | Reached XP level 1. HP: 10/10 MP: 2/2
     0 | D:1      | magus.rc [v1.9.6]
    23 | D:1      | Reached skill level 5 in Ranged Weapons
   310 | D:1      | Reached XP level 2. HP: 14/14 MP: 3/3
   515 | D:1      | HP: 3/14 [jackal (2)]
   522 | D:1      | Reached skill level 6 in Ranged Weapons
   866 | D:1      | Reached XP level 3. HP: 18/18 MP: 4/4
  1421 | D:2      | Found a hide-covered altar of Uskayaw.
  1546 | D:2      | Found a faded altar of an unknown god.
  1666 | D:2      | Reached XP level 4. HP: 22/22 MP: 5/5
  1866 | D:2      | You pick up a book of Blood and begin reading...
  1866 | D:2      | You add the spells Sublimation of Blood, Wereblood and
                  | Summon Hydra to your library.
  2078 | D:3      | Reached skill level 7 in Ranged Weapons
  2626 | D:4      | Reached XP level 5. HP: 25/25 MP: 6/6
  2661 | D:4      | Noticed an ogre
  2674 | D:4      | Killed an ogre
  2675 | D:4      | Reached skill level 8 in Ranged Weapons
  2720 | D:4      | Noticed an ogre
  2744 | D:4      | Killed an ogre
  2745 | D:4      | Reached skill level 9 in Ranged Weapons
  2745 | D:4      | Reached XP level 6. HP: 30/30 MP: 7/7
  2824 | D:4      | Found a staircase to the Ecumenical Temple.
  2830 | Temple   | Entered the Ecumenical Temple
  3001 | Temple   | Became a worshipper of Dithmenos the Shadowed
  3133 | D:4      | You fall into a shaft and drop 2 floors!
  3149 | D:6      | Noticed Menkaure
  3156 | D:6      | Killed Menkaure
  3157 | D:6      | Reached skill level 10 in Ranged Weapons
  3157 | D:6      | Reached skill level 2 in Stealth
  3200 | D:6      | Noticed an ice beast
  3256 | D:6      | Killed an ice beast
  3257 | D:6      | Reached skill level 4 in Stealth
  3257 | D:6      | Reached XP level 7. HP: 33/33 MP: 8/8
  3280 | D:6      | Reached skill level 5 in Stealth
  3505 | D:6      | Noticed Dowan
  3657 | D:6      | Noticed Prince Ribbit
  3667 | D:6      | Killed Prince Ribbit
  3668 | D:6      | Reached skill level 11 in Ranged Weapons
  3711 | D:6      | Reached XP level 8. HP: 37/37 MP: 9/9
  3897 | D:6      | Reached skill level 12 in Ranged Weapons
  4079 | D:6      | Reached * piety under Dithmenos
  4214 | D:5      | Entered Level 5 of the Dungeon
  4285 | D:5      | Reached skill level 13 in Ranged Weapons
  4688 | D:5      | Found a hazy altar of Hepliaklqana.
  4703 | D:5      | Reached skill level 14 in Ranged Weapons
  4865 | D:5      | Identified the +4 spear of Twilight {vorpal, Dex+7}
  4921 | D:5      | Found a burning altar of Makhleb.
  5065 | D:5      | Found Beocat's Tremendous Tomes.
  5087 | D:5      | Reached XP level 9. HP: 41/41 MP: 10/10
  5402 | D:4      | Reached ** piety under Dithmenos
  5526 | D:4      | Found a shimmering blue altar of Sif Muna.
  5815 | D:6      | Noticed Duvessa
  5876 | D:6      | Killed Duvessa
  5891 | D:6      | Killed from afar by Dowan

Vanquished Creatures
  Prince Ribbit (D:6)
  Menkaure (D:6)
  Duvessa (D:6)
  A black bear (D:6)
  An ice beast (D:6)
  An orc warrior (D:6)
  3 ogres
  A phantom (D:5)
  2 necrophages
  9 wights
  3 hounds (D:5)
  4 jellies
  A bouda (D:4)
  2 iguanas
  3 orc wizards
  6 gnolls
  9 adders
  A worm (D:3)
  5 dart slugs
  11 orcs
  6 ball pythons
  11 endoplasms
  3 giant cockroaches
  6 goblins
  5 hobgoblins
  10 jackals
  4 quokkas
  5 bats
  A frilled lizard (D:3)
  6 kobolds
  2 rats (D:3)
125 creatures vanquished.

Vanquished Creatures (others)
  A fungus (D:5)
1 creature vanquished.

Grand Total: 126 creatures vanquished

Table legend:
 A = Non-vault XP
 B = Vault XP
 C = Vault XP percentage of total XP
 D = Non-vault monster count
 E = Vault monster count
 F = Vault count percentage of total count
                 A         B        C        D         E       F
            +---------+---------+-------+---------+---------+-------
      Total |    2534 |     588 |  18.8 |     121 |       4 |   3.2
            +---------+---------+-------+---------+---------+-------
        D:1 |      54 |       0 |   0.0 |      27 |       0 |   0.0
        D:2 |      47 |       0 |   0.0 |      14 |       0 |   0.0
        D:3 |      52 |       0 |   0.0 |      15 |       0 |   0.0
        D:4 |     537 |      32 |   5.6 |      21 |       1 |   4.5
        D:5 |     762 |       0 |   0.0 |      24 |       0 |   0.0
        D:6 |    1082 |     556 |  33.9 |      20 |       3 |  13.0
            +---------+---------+-------+---------+---------+-------

Illustrated notes

Table legend:
 A = Kills in this place as a percentage of kills in entire the game.
 B = Kills by you in this place as a percentage of kills by you in the entire game.
 C = Kills by friends in this place as a percentage of kills by friends in the entire game.
 D = Other kills in this place as a percentage of other kills in the entire game.
 E = Experience gained in this place as a percentage of experience gained in the entire game.
 F = Experience gained in this place divided by the number of levels of this place that you have seen.
                   A       B       C       D       E      F
               +-------+-------+-------+-------+-------+----------------------
         Total | 100.0 | 100.0 |   N/A |   N/A | 100.0 | 446.0
       Dungeon | 100.0 | 100.0 |   N/A |   N/A | 100.0 | 520.3
               +-------+-------+-------+-------+-------+----------------------

Table legend: (Time is in decaauts)
 A = Elapsed time spent in this place.
 B = Non-inter-level travel time spent in this place.
 C = Inter-level travel time spent in this place.
 D = Time resting spent in this place.
 E = Time spent auto-exploring this place.
 F = Levels seen in this place.
 G = Mean time per level.
                   A        B        C        D        E       F      G
               +--------+--------+--------+--------+--------+-----+--------+
         Total |   4061 |   3786 |    275 |    501 |   2478 |   7 |  580.1 |
       Dungeon |   3932 |   3709 |    223 |    501 |   2411 |   6 |  655.3 |
        Temple |    129 |     77 |     52 |      0 |     67 |   1 |  129.0 |
               +--------+--------+--------+--------+--------+-----+--------+

Top non-repeatable levels by time:
     D:1: 1079 daAuts
     D:6: 801 daAuts
     D:5: 746 daAuts
     D:4: 472 daAuts
     D:2: 426 daAuts
     D:3: 406 daAuts
  Temple: 129 daAuts
